[Event "*** Biggest EVER Titled Tuesday"]
[Site "Chess.com"]
[Date "2018.04.17"]
[Round "5"]
[White "r31415"]
[Black "vuqaresedli"]
[Result "0-1"]
[WhiteElo "2224"]
[BlackElo "2312"]
[TimeControl "180+2"]
[EndTime "14:08:20 PDT"]
[Termination "vuqaresedli won by resignation"]

1. e4 c6 2. d4 d5 3. f3 g6 4. Nc3 Bg7 5. Be3 b5 6. a3 Nf6 7.
Nge2 dxe4 8. fxe4 Ng4 9. Bf4 e5 10. dxe5 Qxd1+ 11. Rxd1 Nxe5 12. Nd4 a6 13. Nf3 Nbd7 14.
Rd6 Bb7 15. Be2 Ke7 16. Rd2 h6 17. O-O Nxf3+ 18. Bxf3 Ne5 19. Rfd1 Rad8 20. Rxd8 Rxd8 21. Rxd8 Kxd8 22. Be2 Bc8 23. Nd1 Be6 24. Kf2 Ke7 25. h3 h5 26. b3 Nd7 27. Ke3 Be5 28. Nf2 Bxf4+ 29. Kxf4 f6 30. g4 g5+ 31. Ke3 h4 32. Nd3 Kd6 33. a4 a5 34. axb5 cxb5 35. Nb2 Kc6 36.
c4 b4 37. Nd3 Kd6 38. Kd4 Bf7 39. Bf3 Ne5 40. Nxe5 fxe5+ 41. Kd3 Kc5 42. Bd1 Be8 43. Bc2 Bd7 44. Bd1 Be6 45. Be2 a4 46. Bd1 a3 47.
Kc2 Kd4 48. Bf3 Bf7 49. Bg2 Bg6 50. Kb1 Bxe4+ 51. Bxe4 Kxe4 52. Kc2 Kd4 53. c5 Kxc5 0-1

[Event "*** Biggest EVER Titled Tuesday"]
[Site "Chess.com"]
[Date "2018.04.17"]
[Round "5"]
[White "Alexander_Moskalenko"]
[Black "SabinoBrunello"]
[Result "1-0"]
[WhiteElo "2729"]
[BlackElo "2696"]
[TimeControl "180+2"]
[EndTime "14:08:21 PDT"]
[Termination "Alexander_Moskalenko won by resignation"]

1. d4 d5 2. Bf4 Nf6 3. e3 e6 4. Nd2 c5 5. c3 Nc6 6. Ngf3 Bd6 7. Bg3 O-O 8. Bb5 a6 9. Bxc6 bxc6 10. Qa4 cxd4 11.
cxd4 c5 12. Bxd6 Qxd6 13. Qa3 Nd7 14. Nb3 Rb8 15. Nxc5 Rb5 16. Rc1 Qb6 17. O-O Ra5 18. Na4 Qb5 19. b3 Qb8 20. Rc3 Nf6 21. Rfc1 Bd7 22.
Rc5 Rb5 23. Rxb5 axb5 24. Nc5 b4 25. Qa5 Rc8 26. Ne5 Be8 27. f3 h5 28. Ned3 h4 29. Qxb4 Qd6 30. h3 Nh5 31. a4 Ng3 32. Qd2 f6 33.
Nb7 Rxc1+ 34. Nxc1 Qe7 35. Nc5 e5 36. b4 exd4 37.
exd4 g5 38. b5 Nf5 39. b6 Nd6 40. a5 Bb5 41. Kf2 Kf7 42. Qe1 Qxe1+ 43. Kxe1 Ke7 44. b7 1-0

[Event "*** Biggest EVER Titled Tuesday"]
[Site "Chess.com"]
[Date "2018.04.17"]
[Round "5"]
[White "Infernal_XaM"]
[Black "Yaacovn"]
[Result "1-0"]
[WhiteElo "2738"]
[BlackElo "2659"]
[TimeControl "180+2"]
[EndTime "14:08:22 PDT"]
[Termination "Infernal_XaM won by checkmate"]

1. e4 c6 2. d4 d5 3. exd5 cxd5 4. c3 Nf6 5. Bd3 Nc6 6. Bf4 Bg4 7. Ne2 Bh5 8. Nd2 e6 9. O-O Bd6 10. Bxd6 Qxd6 11.
h3 O-O 12. Re1 Rab8 13. a4 e5 14. dxe5 Nxe5 15. Nb3 Rfe8 16. Nbd4 Rbd8 17. Bb5 Rf8 18. Qb3 a6 19. Nf5 Qc7 20. f4 Ng6 21. Bd3 Bxe2 22.
Bxe2 Nxf4 23. Bf3 Rfe8 24. Nd4 Ne4 25. Qc2 Ng5 26. Bg4 h5 27. Bf5 g6 28. Rf1 Re3 29.
Qf2 Nfxh3+ 30. gxh3 Rg3+ 31. Kh1 gxf5 32. Qf4 Rxh3+ 33. Kg2 Qxf4 34. Rxf4 Rd3 35. Rxf5 Rd2+ 36. Kh1 Ne4 37. Rg1+ Kh8 38. Rxh5# 1-0

[Event "*** Biggest EVER Titled Tuesday"]
[Site "Chess.com"]
[Date "2018.04.17"]
[Round "5"]
[White "TheBigBoss04"]
[Black "Cecile-Haussernot"]
[Result "1-0"]
[WhiteElo "2524"]
[BlackElo "2319"]
[TimeControl "180+2"]
[EndTime "14:08:23 PDT"]
[Termination "TheBigBoss04 won by checkmate"]

1. d4 d5 2. c4 c6 3. Nc3 Nf6 4. Nf3 dxc4 5. a4 Bf5 6. Nh4 Bc8 7. Nf3 Bf5 8. e3 e6 9. Bxc4 Bb4 10. O-O Nbd7 11. Nh4 Bg4 12. f3 Bh5 13. g4 Nd5 14. Ng2 Bg6 15. Bd2 a5 16. Ne2 Bxd2 17. Qxd2 N7b6 18. Bb3 O-O 19. e4 Nb4 20. Rad1 Qe7 21.
h4 f6 22. Nef4 Bf7 23. Nd3 Rad8 24. Nc5 e5 25. Bxf7+ Qxf7 26. Qf2 exd4 27. Rxd4 Qe7 28. Rfd1 Rxd4 29. Qxd4 Nc8 30. h5 h6 31. Nf4 Re8 32. Ng6 Qc7 33. Kg2 Ne7 34. Ne6 Qc8 35. Qc4 Nxg6 36.
Nf4+ Kh7 37. hxg6+ Kh8 38. Qf7 Rf8 39. Ne6 Rxf7 40.
gxf7 Qxe6 41. f8=Q+ Kh7 42. Rd8 Qc4 43. Qh8+ Kg6 44.
Qe8+ Kg5 45. Kg3 f5 46. f4+ Kf6 47. e5# 1-0

[Event "*** Biggest EVER Titled Tuesday"]
[Site "Chess.com"]
[Date "2018.04.17"]
[Round "5"]
[White "NIGWAPO"]
[Black "Manukyan_Artak"]
[Result "1-0"]
[WhiteElo "2506"]
[BlackElo "2349"]
[TimeControl "180+2"]
[EndTime "14:08:23 PDT"]
[Termination "NIGWAPO won by resignation"]

1. e4 c6 2. Nc3 d5 3. Nf3 Bg4 4.
h3 Bxf3 5. Qxf3 Nf6 6. d3 e6 7.
g3 Bb4 8. Bd2 Qa5 9. a3 d4 10.
Nb1 Bxd2+ 11. Nxd2 Nbd7 12. Qe2 e5 13. Bg2 b5 14. O-O O-O 15. f4 Qc7 16. f5 c5 17.
g4 Ne8 18. g5 f6 19. g6 h6 20. Nf3 Nd6 21. Nh2 c4 22. Ng4 Nc5 23. Rfd1 Rfc8 24.
Bf1 Na4 25. Rab1 c3 26. b3 Nb2 27. Re1 a5 28. Qf2 b4 29. a4 Ne8 30. Qh4 Ra6 31.
Kf2 Qe7 32. Be2 Rd6 33. Rg1 Kf8 34. Nxh6 gxh6 35. g7+ Nxg7 36. Qxh6 Qf7 37. Rg6 Nxa4 38. Rbg1 Rc7 39. bxa4 b3 40. cxb3 c2 41. Rc1 Rc3 42. h4 Rc7 43. h5 Qxb3 44. Qh8+ Qg8 45. Qxg8+ Kxg8 46. h6 Rdc6 47. hxg7 Rxg7 48. Rxg7+ Kxg7 49. Ke1 Kh6 50. Kd2 Kg5 51. Rxc2 Rxc2+ 52. Kxc2 Kf4 53.
Bh5 Ke3 54. Bf7 Ke2 55. Bc4 Ke3 56. Bf7 Ke2 57. Bg6 Ke3 58. Bh5 Kf2 59. Kb3 Ke1 60. Kc4 Kd2 61. Be8 Kc2 62. Bb5 Kd2 63. Kd5 Kc3 64. Ke6 1-0

[Event "*** Biggest EVER Titled Tuesday"]
[Site "Chess.com"]
[Date "2018.04.17"]
[Round "5"]
[White "lachesisQ"]
[Black "pKiLz5Rn9b"]
[Result "0-1"]
[WhiteElo "2932"]
[BlackElo "2639"]
[TimeControl "180+2"]
[EndTime "14:08:24 PDT"]
[Termination "pKiLz5Rn9b won by resignation"]

1. e4 e6 2. d4 d5 3. Nc3 dxe4 4.
Nxe4 Nd7 5. Nf3 Ngf6 6. Nxf6+ Nxf6 7. c3 Be7 8. Bd3 c5 9. dxc5 Bxc5 10. Bg5 Qc7 11. Qc2 Bd7 12. O-O-O O-O-O 13. Rhe1 Bc6 14. Ne5 Bxg2 15. f3 Bh3 16. Kb1 Rd5 17. f4 Rhd8 18.
Qe2 Bd6 19. c4 Rd4 20. Ka1 Bxe5 21. fxe5 Bg4 22. Qf2 Bxd1 23. exf6 gxf6 24. Bxf6 Rxd3 25. Bxd8 Rxd8 26. Qxa7 Qxc4 27. Qa8+ Kc7 28. Qa5+ Kc6 29. Qg5 Rd5 30. Qe3 Re5 31. b3 Rxe3 0-1

[Event "*** Biggest EVER Titled Tuesday"]
[Site "Chess.com"]
[Date "2018.04.17"]
[Round "5"]
[White "DiogenesSinopeus"]
[Black "Robert_Chessmood"]
[Result "0-1"]
[WhiteElo "2420"]
[BlackElo "2747"]
[TimeControl "180+2"]
[EndTime "14:08:26 PDT"]
[Termination "Robert_Chessmood won by resignation"]

1. d4 d5 2. c4 c6 3. cxd5 cxd5 4. Bg5 f6 5. Bd2 Nc6 6. Nc3 Bf5 7. e4 dxe4 8. d5 Ne5 9. Bb5+ Bd7 10. Qe2 f5 11.
Nh3 Bxb5 12. Qxb5+ Qd7 13. Nf4 Nf6 14. Ne6 Nd3+ 15. Ke2 Qxb5 16. Nxb5 Kd7 17. f3 Nxd5 18. fxe4 fxe4 19. Ng5 a6 20. Nxe4 N3f4+ 21. Kf3 axb5 22. Bxf4 e6 23. Rhe1 Bb4 24. Red1 Rhf8 25. g3 Rac8 26. a3 Be7 27. Kg4 Rc4 28. Ng5 Bxg5 29. Kxg5 Kc6 30. b3 Rc2 31. Rac1 Rxc1 32. Rxc1+ Kd7 33. Rd1 Ke7 34. Kg4 Rxf4+ 0-1

[Event "*** Biggest EVER Titled Tuesday"]
[Site "Chess.com"]
[Date "2018.04.17"]
[Round "5"]
[White "Denis0027"]
[Black "FMJoseHerrera"]
[Result "1-0"]
[WhiteElo "2422"]
[BlackElo "2463"]
[TimeControl "180+2"]
[EndTime "14:08:28 PDT"]
[Termination "Denis0027 won by checkmate"]

1. Nf3 c5 2. g3 Nf6 3. Bg2 e6 4. O-O Be7 5. d3 d6 6. e4 Qc7 7. Nbd2 Nbd7 8. Re1 b6 9. Nc4 Bb7 10. h4 a6 11. Bf4 b5 12. Ne3 h6 13. e5 dxe5 14. Nxe5 Bxg2 15. Nxf7 Qb7 16. Nxh8 Bf3 17. Qd2 Bh5 18. Nf1 O-O-O 19. Rxe6 Nd5 20. Rae1 Bf6 21.
c4 Nxf4 22. Qxf4 Rxh8 23. Ne3 Bf7 24. Re4 g5 25. Qf5 gxh4 26. Nd5 Bxd5 27. cxd5 hxg3 28.
Re8+ Rxe8 29. Rxe8+ Bd8 30. fxg3 Qc7 31. Qf4 Qa5 32.
Qxh6 Qxa2 33. Qc6+ Kb8 34. Rxd8+ Ka7 35. Ra8# 1-0

[Event "*** Biggest EVER Titled Tuesday"]
[Site "Chess.com"]
[Date "2018.04.17"]
[Round "5"]
[White "NTBT_DHS"]
[Black "Journey_to_GrandMaster_YT"]
[Result "1-0"]
[WhiteElo "2506"]
[BlackElo "2373"]
[TimeControl "180+2"]
[EndTime "14:08:34 PDT"]
[Termination "NTBT_DHS won by resignation"]

1. d4 d5 2. c4 e6 3. Nf3 Nf6 4. g3 Bb4+ 5. Bd2 Bd6 6. Bg2 c6 7. O-O O-O 8. Qc2 Nbd7 9. a4 Ne4 10. Nc3 f5 11. a5 Ndf6 12. c5 Bc7 13. a6 b6 14. b4 Nxd2 15. Nxd2 Ne4 16. Ndxe4 fxe4 17. b5 e5 18. dxe5 Bxe5 19. bxc6 bxc5 20. Rad1 Bxc3 21.
Qxc3 Bxa6 22. Bxe4 Bxe2 23. Rxd5 Qe7 24. Re5 Qf6 25.
Bxh7+ Kh8 26. Be4 Rae8 27. Rxe8 Rxe8 28. Qxf6 gxf6 29. Bg6 Rc8 30. Re1 Bf3 31. Re8+ Rxe8 32. Bxe8 c4 33. Kf1 c3 34. Ke1 a5 35. Bd7 a4 36. c7 Bb7 37. c8=Q+ Bxc8 38. Bxc8 a3 39. Be6 Kg7 40. Kd1 f5 41. Kc2 Kf6 42. Ba2 1-0

[Event "*** Biggest EVER Titled Tuesday"]
[Site "Chess.com"]
[Date "2018.04.17"]
[Round "5"]
[White "Kriari"]
[Black "Arash_Tahbaz"]
[Result "1-0"]
[WhiteElo "2761"]
[BlackElo "2552"]
[TimeControl "180+2"]
[EndTime "14:08:35 PDT"]
[Termination "Kriari won by resignation"]

1. Nf3 Nf6 2. g3 e6 3. Bg2 d5 4. O-O Be7 5. c4 O-O 6. d4 dxc4 7. Na3 c5 8. Nxc4 Nc6 9. dxc5 Bxc5 10. Nfe5 Nxe5 11. Nxe5 Qe7 12. Qb3 Rd8 13. a4 Nd7 14. Nd3 Bd6 15. a5 Rb8 16. Rd1 h6 17.
Be3 b6 18. a6 Nc5 19. Qc3 Nxa6 20. Ne5 Nb4 21. Nc4 Bc5 22. Rxd8+ Qxd8 23. Bf4 Rb7 24. Bxb7 Bxb7 25. Qd2 Nd5 26. e4 g5 27. Be3 Bb4 28. Qd3 b5 29. Nd2 Qf6 30. exd5 Bxd5 31.
Bd4 e5 32. Bc3 Bc5 33. Qxd5 Qxf2+ 34. Kh1 e4 35. Rf1 1-0

[Event "*** Biggest EVER Titled Tuesday"]
[Site "Chess.com"]
[Date "2018.04.17"]
[Round "5"]
[White "patzerplay"]
[Black "xavielhumilde_1999"]
[Result "0-1"]
[WhiteElo "2303"]
[BlackElo "2235"]
[TimeControl "180+2"]
[EndTime "14:08:36 PDT"]
[Termination "xavielhumilde_1999 won by resignation"]

1. e4 c5 2. c3 Nf6 3. e5 Nd5 4.
d4 cxd4 5. Nf3 d6 6. cxd4 e6 7. a3 Bd7 8. Bd3 Bc6 9. Qe2 Nd7 10. O-O Be7 11. Bd2 O-O 12. Nc3 Nxc3 13. Bxc3 Re8 14.
Nd2 a6 15. Rad1 dxe5 16. dxe5 Qc7 17. f4 Nc5 18. Bb1 Bb5 19. Nc4 Na4 20. Qe4 g6 21. Nd6 Bxf1 22. Qxa4 Bb5 23. Qd4 Red8 24. Ba2 Bf8 25.
a4 Bc6 26. f5 Bd7 27. Rf1 Rac8 28. fxg6 hxg6 29. Nxf7 Bc5 30. Nh6+ Kg7 31. Rf7+ Kxh6 32. Bd2+ g5 33. Bxg5+ Kxg5 34. h4+ Kh6 35. Rf6+ Kg7 0-1

[Event "*** Biggest EVER Titled Tuesday"]
[Site "Chess.com"]
[Date "2018.04.17"]
[Round "5"]
[White "Tesla37"]
[Black "Indianlad"]
[Result "1-0"]
[WhiteElo "2603"]
[BlackElo "2684"]
[TimeControl "180+2"]
[EndTime "14:08:37 PDT"]
[Termination "Tesla37 won by resignation"]

1. e4 e5 2. Nf3 Nc6 3. Bb5 a6 4. Ba4 d6 5. c3 f5 6. exf5 Bxf5 7.
d4 e4 8. Nfd2 Nf6 9. O-O d5 10. f3 b5 11. Bc2 Qd7 12. fxe4 dxe4 13. Qe2 O-O-O 14. a4 Nxd4 15. cxd4 Qxd4+ 16. Kh1 Bg4 17.
Qe1 Bb4 18. Nc3 Bxc3 19. bxc3 Qxc3 20. Ra2 Be6 21. Rb2 e3 22. Ne4 Qxe1 23. Rxe1 e2 24. Nxf6 gxf6 25. Rxe2 Bc4 26. Re1 Rhe8 27. Be3 Bd3 28. Kg1 c5 29. axb5 axb5 30. Kf2 Bxc2 31. Rxc2 c4 32. Ra1 Rd5 33. Bf4 Re4 34. g3 b4 35. Ra4 c3 36. Rxc3+ Kb7 37. Rb3 Rdd4 38.
Be3 Rc4 39. Bd2 1-0

[Event "*** Biggest EVER Titled Tuesday"]
[Site "Chess.com"]
[Date "2018.04.17"]
[Round "5"]
[White "Too_Stupid_To_Play"]
[Black "wadsy27"]
[Result "0-1"]
[WhiteElo "2212"]
[BlackElo "2138"]
[TimeControl "180+2"]
[EndTime "14:08:37 PDT"]
[Termination "wadsy27 won by resignation"]

1. Nf3 d5 2. c4 c6 3. g3 Nf6 4. Bg2 dxc4 5. O-O Nbd7 6. Na3 Nb6 7. Qc2 Be6 8. Rd1 g6 9. d3 cxd3 10. Rxd3 Qc8 11. b3 Bf5 12. Bb2 Bxd3 13. exd3 Bg7 14. Re1 Nbd5 15. Nc4 O-O 16. h4 Rd8 17. Nfe5 Nd7 18.
Ng4 N7f6 19. Nge5 Qc7 20. f4 b5 21. Ne3 Nxe3 22. Rxe3 Qb6 23. d4 Nd5 24. Bxd5 cxd5 25. Nc6 Re8 26. Nxe7+ Kh8 27. Nxd5 Qd6 28. Rxe8+ Rxe8 29. Qg2 Rd8 30. Ne3 Bxd4 31. Qd2 Bxb2 32. Qxb2+ Qd4 33. Qxd4+ Rxd4 34. Nf1 Rd1 35. Kf2 Ra1 36. a4 bxa4 37. bxa4 Rxa4 38. Ne3 Ra2+ 39. Kf3 a5 40. f5 Ra3 41. f6 a4 42. Ke4 Rxe3+ 43. Kxe3 a3 0-1

[Event "*** Biggest EVER Titled Tuesday"]
[Site "Chess.com"]
[Date "2018.04.17"]
[Round "5"]
[White "lupta_robin"]
[Black "GM_dmitrij"]
[Result "0-1"]
[WhiteElo "2442"]
[BlackElo "2652"]
[TimeControl "180+2"]
[EndTime "14:08:40 PDT"]
[Termination "GM_dmitrij won by resignation"]

1. e4 e5 2. Nf3 Nc6 3. Bb5 a6 4.
Ba4 g6 5. O-O Bg7 6. c3 Nge7 7. d4 exd4 8. cxd4 b5 9. Bb3 d6 10. h3 O-O 11. Nc3 Na5 12. Bc2 c5 13. Bf4 Nc4 14. b3 Na3 15. Bd3 Nc6 16. Ne2 c4 17.
bxc4 bxc4 18. Bc2 d5 19. e5 Nb4 20. Ba4 Nd3 21. Bg5 f6 22. Bc6 Rb8 23. exf6 Bxf6 24.
Bh6 Rf7 25. Qa4 Nb5 26. Rab1 Rb6 27. Bxb5 axb5 28. Qa5 b4 29. Nf4 Nxf4 30. Bxf4 Be7 31.
Bd2 b3 32. Ne5 Rf8 33. axb3 cxb3 34. g4 Ba6 35. Rfc1 Rbf6 36. Be3 Qxa5 0-1

[Event "*** Biggest EVER Titled Tuesday"]
[Site "Chess.com"]
[Date "2018.04.17"]
[Round "5"]
[White "DrRiebert"]
[Black "Gr3egor"]
[Result "1-0"]
[WhiteElo "2586"]
[BlackElo "2337"]
[TimeControl "180+2"]
[EndTime "14:08:41 PDT"]
[Termination "DrRiebert won by resignation"]

1. e4 e5 2. Nf3 Nc6 3. d4 exd4 4. Nxd4 Nf6 5. Nxc6 bxc6 6. e5 Qe7 7. Qe2 Nd5 8. c4 Ba6 9. Nd2 g6 10. Nf3 Bg7 11.
Bg5 Qb4+ 12. Qd2 Qxd2+ 13. Kxd2 Nb6 14. b3 O-O 15. Re1 Rfe8 16. Bd3 c5 17. Be4 Rab8 18. Bf4 Nc8 19. h4 Ne7 20. h5 Rbd8 21. hxg6 Nxg6 22. Be3 d6 23. Bg5 Rb8 24. exd6 cxd6 25. Re3 Bb7 26.
Bxb7 Rxe3 27. Bxe3 Rxb7 28. Kc2 Re7 29. Rd1 Re6 30.
Ng5 Re7 31. Rxd6 Bh6 32. Rd8+ Nf8 33. Bxc5 Bxg5 34. Bxe7 Bxe7 35. Rc8 a5 36. c5 Kg7 37. Kd3 Ne6 38. Kc4 Kf6 39. a3 Nf4 40. b4 axb4 41. axb4 Nxg2 42. b5 Ke6 43. b6 Nf4 44. b7 1-0

[Event "*** Biggest EVER Titled Tuesday"]
[Site "Chess.com"]
[Date "2018.04.17"]
[Round "5"]
[White "gkchesstiger"]
[Black "BilodeauA"]
[Result "1/2-1/2"]
[WhiteElo "2785"]
[BlackElo "2633"]
[TimeControl "180+2"]
[EndTime "14:08:42 PDT"]
[Termination "Game drawn by repetition"]

1. d4 d5 2. Nf3 Nf6 3. Bf4 e6 4. Nbd2 Be7 5. e3 O-O 6. Bd3 c5 7. c3 Nc6 8. Ne5 Nd7 9. h4 c4 10. Bc2 f5 11. Nxd7 Bxd7 12. Nf3 b5 13. a3 a5 14. Bg5 Bf6 15. Bxf6 Qxf6 16. g3 Be8 17. Ng5 h6 18. Nh3 g5 19. hxg5 hxg5 20. f4 g4 21. Ng5 Bg6 22. Kf2 Kg7 23. b3 cxb3 24. Bxb3 Rh8 25.
Qe2 Rxh1 26. Rxh1 Rb8 27. Bc2 Qe7 28. Ra1 Kf6 29. Bd3 Na7 30. Qb2 Rh8 31. Kg2 Be8 32. Rh1 Rxh1 33. Kxh1 Kg7 34. Kg1 Qd7 35. Kf2 Nc8 36.
Ke1 Nd6 37. Qh2 Bg6 38. Qb2 Kf6 39. Qh2 Kg7 40. Qb2 Kf6 41. Qh2 Kg7 42. Qb2 1/2-1/2

[Event "*** Biggest EVER Titled Tuesday"]
[Site "Chess.com"]
[Date "2018.04.17"]
[Round "5"]
[White "JosephRyan"]
[Black "DishonorOnYourCow"]
[Result "1/2-1/2"]
[WhiteElo "2092"]
[BlackElo "2312"]
[TimeControl "180+2"]
[EndTime "14:08:42 PDT"]
[Termination "Game drawn by agreement"]

1. e4 c5 2. Nf3 d6 3. Bb5+ Nd7 4. d4 cxd4 5. Qxd4 a6 6. Bxd7+ Bxd7 7.
Nc3 Nf6 8. Bg5 e6 9. O-O-O Be7 10. Kb1 b5 11. e5 dxe5 12. Nxe5 Bc8 13. Qxd8+ Bxd8 14. Rxd8+ Kxd8 15. Nxf7+ Ke7 16. Nxh8 Bb7 17. Ng6+ hxg6 18.
f3 Kf7 19. Rd1 b4 20. Ne2 Nd5 21. Nf4 Rh8 22. Nxd5 Bxd5 23. Bf4 g5 24. Be5 Kg6 25. h3 Rg8 26. b3 Kf5 27. Bg3 Rc8 28. Re1 a5 29. Re5+ Kf6 30. Re3 Ra8 31. Be5+ Kg6 32. c4 bxc3 33. Rxc3 a4 34. Kb2 axb3 35. axb3 Ra7 36.
g4 Rb7 37. Kc2 Ra7 38. b4 Rb7 39. Bd6 Rf7 40. b5 Bxf3 41. b6 Bb7 42. Rc7 Rxc7+ 43.
bxc7 Kf7 44. Kc3 Ke8 45. Kd4 Kd7 46. Ke5 Bg2 47. Bf8 Bxh3 48. Bxg7 Bxg4 49. Bf6 Kxc7 50. Bxg5 Bf5 51. Bf6 Kc6 52. Bh8 Kd7 1/2-1/2

[Event "*** Biggest EVER Titled Tuesday"]
[Site "Chess.com"]
[Date "2018.04.17"]
[Round "5"]
[White "lukas_111111"]
[Black "StellarChessPro"]
[Result "0-1"]
[WhiteElo "2494"]
[BlackElo "2382"]
[TimeControl "180+2"]
[EndTime "14:08:43 PDT"]
[Termination "StellarChessPro won by checkmate"]

1. e4 c6 2. d4 d5 3. e5 Bf5 4.
Be2 Nd7 5. Nf3 e6 6. O-O h6 7.
Nbd2 Ne7 8. Nb3 Bh7 9. Bd2 Ng6 10. Bd3 Be7 11. g3 O-O 12. h4 Re8 13. Qe2 Ngf8 14.
Bxh7+ Nxh7 15. Nh2 c5 16. c3 c4 17. Nc1 f6 18.
exf6 Bxf6 19. f4 b5 20. a4 b4 21. Ng4 bxc3 22. bxc3 Rb8 23. Na2 Rb2 24. Nb4 Bxd4+ 25. cxd4 c3 26. Nxh6+ gxh6 27. Qg4+ Kh8 28. Bxc3 Rg8 29.
Qf3 Qxh4 30. Bxb2 Rxg3+ 31. Qxg3 Qxg3+ 32. Kh1 Nhf6 33. Ra3 Qh4+ 34. Kg2 Ng4 35. Rh3 Qf6 36.
Rg3 Qf5 37. Kg1 Ndf6 38. Rc1 Qxf4 39. Rc8+ Kh7 40. Rg2 Qe3+ 41. Kf1 Qf4+ 42. Kg1 h5 43. Nd3 Qe3+ 44. Nf2 Qe1# 0-1

[Event "*** Biggest EVER Titled Tuesday"]
[Site "Chess.com"]
[Date "2018.04.17"]
[Round "5"]
[White "Msb2"]
[Black "Margency"]
[Result "0-1"]
[WhiteElo "2702"]
[BlackElo "2565"]
[TimeControl "180+2"]
[EndTime "14:08:44 PDT"]
[Termination "Margency won by checkmate"]

1. d4 Nf6 2. c4 g6 3. Nc3 Bg7 4. e4 d6 5. h3 O-O 6. Be3 e5 7. d5 a5 8. g4 Na6 9. Nge2 Nd7 10. Qd2 Ndc5 11. Ng3 c6 12. Be2 cxd5 13. cxd5 Bd7 14.
h4 a4 15. h5 a3 16. b3 Nb4 17. Kf1 Rc8 18. Kg2 Qa5 19. Rac1 Rc7 20. Rh2 Rfc8 21.
hxg6 fxg6 22. Rch1 Nxb3 23. axb3 Rxc3 24. Rxh7 Rc2 25.
Bh6 Rxd2 26. Bxg7 Rxe2 27. Nxe2 Nxd5 28. g5 Qd2 29. exd5 Qxe2 30. R1h4 Rc3 31. Rh8+ Kf7 32.
Rf4+ Kxg7 33. Rff8 Qg4+ 34. Kh2 Rh3+ 35. Rxh3 Qxh3+ 36.
Kg1 Kxf8 37. f3 Qg3+ 38. Kf1 Bb5# 0-1

[Event "*** Biggest EVER Titled Tuesday"]
[Site "Chess.com"]
[Date "2018.04.17"]
[Round "5"]
[White "joshuacao"]
[Black "Renegade_Hitman"]
[Result "1-0"]
[WhiteElo "2008"]
[BlackElo "2064"]
[TimeControl "180+2"]
[EndTime "14:08:44 PDT"]
[Termination "joshuacao won by resignation"]

1. e4 e5 2. Nf3 Nc6 3. Bb5 a6 4. Ba4 Nf6 5. O-O Be7 6. Re1 b5 7. Bb3 d6 8. c3 Na5 9. Bc2 c5 10. h3 Nc6 11. d4 O-O 12. Nbd2 Qc7 13. Nf1 cxd4 14. cxd4 Nxd4 15. Nxd4 exd4 16. Bf4 Bb7 17. Rc1 Qb6 18. Ng3 Rfc8 19. Nf5 Bf8 20. Nxd4 Re8 21.
e5 dxe5 22. Rxe5 Rad8 23. Rxe8 Nxe8 24. Be3 Bc5 25. Bxh7+ Kf8 26. Ne6+ Qxe6 27. Bxc5+ Nd6 28. Rc3 Qd5 29. Qxd5 Bxd5 30. Rd3 Ke7 31. Rxd5 g6 32. Bg8 Rxg8 33. Rxd6 Rd8 34. Rxd8+ Kxd8 35. Kh2 Kd7 36. b4 Kc6 37. Kg3 a5 38. Kf4 axb4 39. Bxb4 Kd5 40. a3 Kc4 41. g4 f6 42. h4 1-0

[Event "*** Biggest EVER Titled Tuesday"]
[Site "Chess.com"]
[Date "2018.04.17"]
[Round "5"]
[White "Oleksandr_Bortnyk"]
[Black "krzyzan94"]
[Result "1-0"]
[WhiteElo "2793"]
[BlackElo "2602"]
[TimeControl "180+2"]
[EndTime "14:08:45 PDT"]
[Termination "Oleksandr_Bortnyk won by resignation"]

1. e4 g6 2. d4 Bg7 3. Nc3 d6 4. Be3 a6 5. g4 b5 6. Bg2 Bb7 7. h3 Nd7 8. a3 e6 9. Nge2 h5 10. g5 Ne7 11. O-O Nb6 12. b3 Qd7 13. f4 e5 14. d5 h4 15. Qd3 f6 16. gxf6 Bxf6 17. fxe5 Bxe5 18. Nd4 O-O-O 19. a4 b4 20. a5 bxc3 21.
axb6 cxb6 22. Qxc3+ Kb8 23. Qb4 Nc8 24. Nc6+ Bxc6 25.
dxc6 Qa7 26. Rad1 Rhf8 27. Qc4 Qc7 28. Qxa6 Qxc6 29. c4 Qb7 30. Qb5 g5 31. Bxg5 Rxf1+ 32. Rxf1 Rg8 33. Rf5 Ne7 34. Bxe7 Bd4+ 35. Kh1 Qxe7 36.
Qd5 Qg7 37. e5 Ka7 38. Rf7+ 1-0

[Event "*** Biggest EVER Titled Tuesday"]
[Site "Chess.com"]
[Date "2018.04.17"]
[Round "5"]
[White "AvitalBor"]
[Black "sergeikim"]
[Result "1-0"]
[WhiteElo "2585"]
[BlackElo "2456"]
[TimeControl "180+2"]
[EndTime "14:08:46 PDT"]
[Termination "AvitalBor won by resignation"]

1. Nf3 Nf6 2. c4 g6 3. Nc3 Bg7 4. e4 d6 5. d4 O-O 6. h3 e5 7. d5 a5 8. Be3 Na6 9. g4 c6 10. Be2 cxd5 11. cxd5 Nd7 12. Nd2 Ndc5 13. g5 Nb4 14.
Qb1 b6 15. a3 Nba6 16. b4 Nb7 17. Nc4 f5 18. h4 Bd7 19. Bxb6 Qc8 20. Qb2 axb4 21.
axb4 Nc7 22. Rc1 Qb8 23. O-O Nb5 24. Nxb5 Bxb5 25. Na5 Bxe2 26. Qxe2 Nxa5 27. bxa5 fxe4 28. Rc4 Qb7 29. Rd1 Rf4 30. Rxe4 Raf8 31. Rxf4 Rxf4 32. Qb5 Qc8 33. Rd3 e4 34. Rg3 Qc1+ 35. Kg2 Qc2 36. Qe8+ Bf8 37. Qe6+ Kh8 38. a6 Qb2 39. Be3 Rxh4 40.
Qf6+ Qxf6 41. gxf6 1-0

[Event "*** Biggest EVER Titled Tuesday"]
[Site "Chess.com"]
[Date "2018.04.17"]
[Round "5"]
[White "nailbeshirli"]
[Black "FairChess_on_YouTube"]
[Result "0-1"]
[WhiteElo "2305"]
[BlackElo "2892"]
[TimeControl "180+2"]
[EndTime "14:08:47 PDT"]
[Termination "FairChess_on_YouTube won on time"]

1. e4 c5 2. Nf3 e6 3. d4 cxd4 4.
Nxd4 Nc6 5. Nc3 a6 6. Be3 Nf6 7.
Qd2 e5 8. Nf5 d5 9. exd5 Nb4 10.
Ng3 Nbxd5 11. Nxd5 Qxd5 12. O-O-O Be6 13. Qxd5 Nxd5 14.
Bd3 Nxe3 15. fxe3 Bc5 16. e4 g6 17. Ne2 Rd8 18. Nc3 Ke7 19. Be2 Bd4 20. Bd3 Bxc3 21. bxc3 Bxa2 22. Kb2 Be6 23. Ra1 Rd6 24. Ra5 f6 25.
Rha1 Rc8 26. R1a4 Rdc6 27. Rb4 R8c7 28. Ra3 b5 29. Ra5 Bc8 30. Rb3 Kd6 31. g3 Rd7 32. h4 Kc7 33. Raa3 Rdd6 34. Rb4 Be6 35. Ra5 Kb6 36. Ra3 Rc5 37. Kc1 f5 38. exf5 gxf5 39. h5 a5 40. Rb2 e4 41. Be2 Bc4 42.
Bd1 e3 0-1

[Event "*** Biggest EVER Titled Tuesday"]
[Site "Chess.com"]
[Date "2018.04.17"]
[Round "5"]
[White "Kislov_Oleg"]
[Black "MateusViageiro"]
[Result "1/2-1/2"]
[WhiteElo "2268"]
[BlackElo "2221"]
[TimeControl "180+2"]
[EndTime "14:08:54 PDT"]
[Termination "Game drawn by agreement"]

1. e4 c5 2. Nf3 d6 3. c3 Nf6 4. Be2 e6 5. O-O Be7 6. Re1 O-O 7. Bf1 b6 8. d4 Bb7 9. Nbd2 Nbd7 10. a4 Rc8 11.
Qb3 Bc6 12. e5 Nd5 13. Ne4 dxe5 14. dxe5 Qc7 15. Bg5 Bxg5 16. Nexg5 h6 17. Nh3 Ne7 18. Nd2 Nxe5 19. a5 Nf5 20. axb6 axb6 21. Nc4 Ng4 22. g3 Nh4 23. Be2 Nf3+ 24. Bxf3 Bxf3 25. Qxb6 Qxb6 26.
Nxb6 Rb8 27. Nd7 Rxb2 28. Nxf8 Kxf8 29. Ra5 c4 30. Rc5 Bd5 31. Nf4 Nxf2 32. Rc8+ Ke7 33. Nxd5+ Kd7 34. Rxc4 Nh3+ 35. Kh1 Nf2+ 36. Kg1 Nh3+ 37.
Kh1 Nf2+ 1/2-1/2

[Event "*** Biggest EVER Titled Tuesday"]
[Site "Chess.com"]
[Date "2018.04.17"]
[Round "5"]
[White "AlexZambrano"]
[Black "goldenspine"]
[Result "0-1"]
[WhiteElo "2332"]
[BlackElo "2284"]
[TimeControl "180+2"]
[EndTime "14:08:54 PDT"]
[Termination "goldenspine won by resignation"]

1. e4 e6 2. d4 d5 3. Nd2 Be7 4. Ngf3 Nf6 5. e5 Nfd7 6. Bd3 c5 7. c3 Nc6 8. O-O Qc7 9. a3 c4 10.
Bc2 f6 11. exf6 Nxf6 12. Re1 Bd7 13. Nf1 O-O-O 14. b3 cxb3 15. Bxb3 Na5 16. Bb2 Kb8 17. Ne5 Bb5 18. Nf7 Nxb3 19. Qxb3 Bc4 20. Qc2 Ng4 21. g3 Rdf8 22. Nxh8 Rxf2 23. Qxf2 Nxf2 24. Kxf2 Qc8 25. Kg1 Qxh8 26. Rxe6 Qf8 27. Rae1 Bd8 28. Re8 Qf6 29. a4 Bd3 30. Ba3 Kc7 31. Be7 Bxe7 32. R1xe7+ Kd6 33. Re6+ Qxe6 34. Rxe6+ Kxe6 35. Nd2 a5 36.
Nb3 b6 37. Nc1 Bc2 38. Kf2 Bxa4 39. Ke3 Bb5 40. Kf4 Bc4 41. Ke3 Kf5 42. Kd2 Ke4 0-1